 Dungeon Crawl Stone Soup version 0.14-a0-1686-g0e827d1 (webtiles) character file.

76375 PolkaDot the Aerator (level 15, -14/98 HPs)
             Began as a Vampire Conjurer on Dec 30, 2013.
             Was the Champion of Vehumet.
             Demolished by an orc warlord
             ... wielding a +0,+1 orcish battleaxe
              (25 damage)
             ... on Level 4 of the Orcish Mines.
             The game lasted 04:00:56 (36316 turns).

PolkaDot the Aerator (Vampire Conjurer)            Turns: 36316, Time: 04:00:57

HP -14/98        AC 11     Str 11      XL: 15   Next:  9%
MP   2/34        EV 12     Int 29      God: Vehumet [******]
Gold 895         SH  9     Dex 14      Spells:  8 memorised,  2 levels left

rFire  + . .     SeeInvis +     r - +6,+3 cutlass (elec)
rCold  . . .     Clarity  +     a - +1 leather armour of Relativism {rF+ Int+3}
rNeg   . . .     Conserve +     z - +2 elf buckler
rPois  .         rCorr    +     l - +1 wizard hat
rElec  .         rRot     .     B - +2 dwarf cloak {rCorr, Cons}
SustAb . .       Spirit   .     D - +1 pair of gloves
rMut   .         Warding  .     (no boots)
Saprov . . .     Stasis   .     u - amulet of clarity
                                A - +4 ring of intelligence
                                j - +4 ring of strength

@: regenerating quickly, quite resistant to hostile enchantments, stealthy
A: bottle blood, fangs 3, see invisible, unbreathing
a: Bottle Blood, Renounce Religion


You were on level 4 of the Orcish Mines.
You worshipped Vehumet.
Vehumet was exalted by your worship.
You were full.

You visited 4 branches of the dungeon, and saw 27 of its levels.
You also visited: Labyrinth.

You collected 1849 gold pieces.
You spent 954 gold pieces at shops.

Inventory:

Hand weapons
 b - a +1,+4 short sword of draining
 r - a +6,+3 cutlass of electrocution (weapon)
Armour
 a - the +1 leather armour of Relativism (worn) {rF+ Int+3}
   (You found it on level 8 of the Dungeon)

   It affects your intelligence (+3).
   It protects you from fire.
 l - a +1 wizard hat (worn)
 z - a +2 elven buckler (worn)
 B - a +2 dwarven cloak of preservation (worn)
 D - a +1 pair of gloves (worn)
Magical devices
 i - a wand of polymorph (9)
 k - a wand of invisibility (3)
 t - a wand of hasting (5)
Scrolls
 d - a scroll of brand weapon
Jewellery
 j - a +4 ring of strength (left hand)
 u - an amulet of clarity (around neck)
 A - a +4 ring of intelligence (right hand)
Potions
 h - 5 potions of flight
 s - 3 potions of brilliance
 w - 3 potions of restore abilities
Books
 c - a book of Conjurations

   Spells                             Type                      Level
   Magic Dart                         Conjuration                  1
   *Searing Ray                       Conjuration                  2
   Dazzling Spray                     Conjuration/Hexes            3
   *Iskenderun's Mystic Blast         Conjuration                  4
   Iskenderun's Battlesphere          Conjuration/Charms           4
   Fulminant Prism                    Conjuration/Hexes            5
 o - a Necronomicon {highlevel}

   This book is beyond your current level of understanding.

   Spells                             Type                      Level
   Haunt                              Necromancy/Summoning         7
   Borgnjor's Revivification          Necromancy                   8
   Death's Door                       Charms/Necromancy            8
   Necromutation                      Transmutation/Necromancy     8
 p - a book of Annihilations

   Spells                             Type                      Level
   Poison Arrow                       Conjuration/Poison           6
   Chain Lightning                    Conjuration/Air              8
   Lehudib's Crystal Spear            Conjuration/Earth            8
   Ice Storm                          Conjuration/Ice              9
   Fire Storm                         Conjuration/Fire             9
Miscellaneous
 g - a legendary deck of war {the Elixir}


   Skills:
 - Level 3.0 Fighting
 + Level 2.4 Short Blades
 - Level 4.1 Armour
 - Level 5.0 Dodging
 - Level 3.0 Stealth
 - Level 11.2 Spellcasting
 - Level 11.3 Conjurations
 * Level 7.9 Ice Magic
 * Level 15.1 Air Magic
 - Level 5.1 Poison Magic


You had 2 spell levels left.
You knew the following spells:

 Your Spells              Type           Power        Failure   Level  Hunger
a - Airstrike             Air            #######...   1%          4    None
c - Freezing Cloud        Conj/Ice/Air   ######....   2%          6    #####..
d - Iskenderun's Mystic   Conj           ######..     1%          4    None
s - Searing Ray           Conj           ######       1%          2    None
x - Lightning Bolt        Conj/Air       #######...   1%          5    ##.....
z - Throw Icicle          Conj/Ice       ######..     1%          4    None
A - Mephitic Cloud        Conj/Pois/Air  ######..     1%          3    None
C - Poisonous Cloud       Conj/Pois/Air  ######....   4%          6    #####..


Dungeon Overview and Level Annotations

Branches:
Dungeon (14/16)            Temple (1/1) D:5             Orc (4/4) D:9
    Elf (0/3) Orc:4          Lair (8/8) D:11          Swamp (0/5) Lair:5
  Snake (0/5) Lair:3        Slime (0/6) Lair:8
 Vaults: D:14-15

Altars:
Cheibriados
Elyvilon
Kikubaaqudgha
Nemelex Xobeh
Okawaru
Sif Muna
Trog
Vehumet
Xom
Zin
the Shining One

Shops:
D:4 (*   D:5 (   D:13 *   D:14 %   Orc:4 [=*(

Annotations:
D:9 exclusion: silver statue, Erolcha
Lair:8 Mygna's ghost, powerful TrMo


Innate Abilities, Weirdness & Mutations

Your natural rate of healing is unusually fast.
You can bottle blood from corpses.
You have razor-sharp teeth.*
You have supernaturally acute eyesight.
You can survive without breathing.*


Message History

Your magical contamination has completely faded away.
The orc warlord roars a battle-cry!
The orc goes into a battle-frenzy!
Things that are here:
an uncursed orcish great sword; an orcish ring mail; an orc corpse
Casting: Lightning Bolt
Confirm with . or Enter, or press ? or * to list all spells.
Aiming: Poisonous Cloud
Press: ? - help, Dir - move target cursor, p - orc warlord
* * * LOW MAGIC WARNING * * *
The orc warlord is engulfed in poison gas.
The orc warlord is poisoned.
The orc is engulfed in poison gas.
The orc is poisoned.
You kill the orc!
Vehumet accepts your kill.
You feel your power returning.
The orc warlord is engulfed in poison gas.
The orc warlord looks even sicker.
The orc warlord hits you with an orcish battleaxe!
You die...

.............##..............#...
...................#.<...#.####.#
#.........................#......
................................
...............................
............#.................
.............#.....[..........
.#...........#..§...........#.
............o@..[)..........##
#.........§§§....))......#.....
........).§§§([(§)<).#.........
#.......).#§§)(.§.#.........##.
###.##....f§...§..).)..........
#.....)[.....§.............
##.........................#
#.......)..f..............##
#........f.f.........#.#...#


You could see an orc warlord.

Vanquished Creatures
  Maud (Lair:5)
  An orc warlord (Orc:4)
  A minotaur (Lab)
  Fannar (D:11)
  Harold (D:14)
  Nessos (D:14)
  6 hydras
  The ghost of Bastard the Severer, a powerful HOBe of Trog (Lair:2)
  4 orc high priests (Orc:4)
  Nergalle (D:12)
  A centaur warrior (D:13)
  An unseen horror (D:12)
  3 hill giants
  4 orc knights (Orc:4)
  A wolf spider (Lair:8)
  3 orc sorcerers (Orc:4)
  4 griffons
  A guardian serpent (Lair:3)
  Maurice (D:13)
  3 cyclopes
  17 elephants
  A spiny worm (Lair:8)
  19 spiny frogs
  Psyche (D:8)
  6 black mambas
  A hellwing (Orc:4)
  6 komodo dragons
  A queen bee (D:8)
  A polar bear (Lair:7)
  A fire drake (Lair:6)
  3 giant leeches (Lair:8)
  Sonja (D:11)
  14 trolls
  A two-headed ogre (D:9)
  A slime creature (D:12)
  A brown ooze (shapeshifter) (D:13)
  21 blink frogs
  A trapdoor spider (D:13)
  33 yaks
  3 basilisks
  A wyvern (D:11)
  4 ugly things (D:13)
  2 vampires (D:12)
  A shadow (D:12)
  An elephant slug (Lair:7)
  10 hippogriffs
  4 sharks
  Grum (D:9)
  2 steam dragons
  8 vampire mosquitoes
  13 fire elementals (D:12)
  12 wolves
  A manticore (D:12)
  A necrophage (D:12)
  26 orc warriors
  7 giant goldfish
  9 sky beasts
  A yellow wasp (D:12)
  A phantom (D:12)
  6 ogres
  4 ice beasts
  A boring beetle (Lair:6)
  A lava worm (D:11)
  4 big kobolds
  15 centaurs
  16 crocodiles
  A komodo dragon zombie (D:12)
  31 giant frogs
  4 giant slugs
  A black bear (D:13)
  A brain worm (D:12)
  3 wargs
  18 agate snails
  A cyclops zombie (D:11)
  10 porcupines
  11 water moccasins
  30 killer bees
  An eye of draining (D:12)
  A lava fish (D:11)
  6 jellyfish
  4 wights (D:9)
  7 electric eels
  A goliath beetle (D:13)
  3 lava snakes (D:11)
  9 jellies
  6 big fish
  12 orc priests
  22 orc wizards
  13 crimson imps
  A gnoll shaman (D:8)
  15 hounds
  11 iguanas
  2 quasits
  A giant frog skeleton (D:4)
  3 scorpions
  18 worker ants
  Jessica (D:3)
  An ogre skeleton (D:8)
  16 sheep
  3 hound zombies
  Terence (D:3)
  36 adders
  3 giant centipedes
  66 green rats
  An inept feature mimic (D:7)
  9 gnolls
  2 giant mites
  8 worms
  2 giant eyeballs
  2 oozes (D:4)
  13 giant geckos
  106 orcs
  19 bats
  A bat skeleton (D:4)
  7 giant cockroaches
  13 goblins
  22 hobgoblins
  25 jackals
  12 quokkas
  A ball python (D:1)
  7 giant newts
  A giant spore (D:13)
  A hobgoblin skeleton (D:8)
  29 kobolds
  An orc zombie (D:5)
  27 rats
  A ballistomycete (D:13)
  3 fungi
1012 creatures vanquished.

Vanquished Creatures (others)
  4 spiny frogs (Lair:8)
  A blink frog (Lair:8)
  2 vampire mosquitoes (Lair:8)
  A water moccasin (Lair:8)
  17 fungi
  14 plants
39 creatures vanquished.

Grand Total: 1051 creatures vanquished

Notes
Turn   | Place    | Note
--------------------------------------------------------------
     0 | D:1      | PolkaDot, the Vampire Conjurer, began the quest for the Orb.
     0 | D:1      | Reached XP level 1. HP: 13/13 MP: 3/3
   181 | D:1      | Reached XP level 2. HP: 19/19 MP: 4/4
   270 | D:1      | Learned a level 2 spell: Searing Ray
   580 | D:1      | Reached XP level 3. HP: 22/24 MP: 3/6
   894 | D:2      | Found a glowing silver altar of Zin.
   959 | D:2      | Reached skill level 4 in Conjurations
   959 | D:2      | Reached XP level 4. HP: 12/30 MP: 2/8
  1585 | D:3      | Noticed Jessica
  1590 | D:3      | Killed Jessica
  1750 | D:3      | Reached XP level 5. HP: 23/35 MP: 4/9
  1975 | D:3      | Found a snail-covered altar of Cheibriados.
  2199 | D:3      | Noticed Terence
  2214 | D:3      | Killed Terence
  2214 | D:3      | Reached skill level 5 in Conjurations
  2492 | D:3      | Reached XP level 6. HP: 4/41 MP: 1/11
  3135 | D:4      | Reached skill level 1 in Fighting
  3374 | D:4      | Reached skill level 6 in Conjurations
  3400 | D:4      | Found Ukiaduz's Weapon Boutique.
  3405 | D:4      | Reached XP level 7. HP: 49/49 MP: 7/12
  3649 | D:4      | Found a white marble altar of Elyvilon.
  3886 | D:4      | Found Wazuv's General Store.
  3889 | D:4      | Bought a scroll of identify for 24 gold pieces
  3889 | D:4      | Bought a scroll of fog for 24 gold pieces
  3889 | D:4      | Bought a scroll of enchant weapon I for 66 gold pieces
  4091 | D:5      | Entered Level 5 of the Dungeon
  4250 | D:5      | Paralysed by a giant eyeball for 2 turns
  4452 | D:5      | Found a staircase to the Ecumenical Temple.
  4478 | Temple   | Entered the Ecumenical Temple
  4486 | Temple   | Became a worshipper of Vehumet
  4557 | D:5      | Got a brightly glowing helmet
  4560 | D:5      | Identified the +1 helmet "Tagu" {Str-3 Int+2} (You found it on level 5 of the Dungeon)
  4727 | D:5      | Found Wiesobiedi's Antique Weapon Shop.
  5323 | D:6      | Reached skill level 7 in Conjurations
  5364 | D:6      | Learned a level 4 spell: Iskenderun's Mystic Blast
  5510 | D:6      | Reached XP level 8. HP: 58/58 MP: 9/14
  5799 | D:6      | Acquired Vehumet's first power
  5799 | D:6      | Offered knowledge of Flame Tongue by Vehumet.
  6113 | D:6      | Reached skill level 8 in Conjurations
  6302 | D:6      | Paralysed by a giant eyeball for 4 turns
  6706 | D:7      | Reached skill level 9 in Conjurations
  6858 | D:7      | Identified a +1 dwarven cloak of preservation (You found it on level 7 of the Dungeon)
  6995 | D:7      | Reached XP level 9. HP: 53/63 MP: 7/15
  7454 | D:8      | Offered knowledge of Shock by Vehumet.
  7551 | D:8      | Learned a level 1 spell: Shock
  7682 | D:8      | Reached skill level 10 in Conjurations
  7682 | D:8      | Reached skill level 1 in Air Magic
  7906 | D:8      | Noticed Psyche
  7912 | D:8      | Killed Psyche
  8374 | D:8      | Got a fine leather armour
  8451 | D:8      | Reached XP level 10. HP: 33/70 MP: 3/17
  8646 | D:8      | Identified the +1 leather armour of Relativism {rF+ Int+3} (You found it on level 8 of the Dungeon)
  8757 | D:8      | Offered knowledge of Mephitic Cloud by Vehumet.
  8793 | D:8      | Learned a level 3 spell: Mephitic Cloud
  8848 | D:8      | Reached skill level 1 in Armour
  9234 | D:9      | Noticed Erolcha
  9270 | D:8      | Acquired Vehumet's second power
  9380 | D:9      | Found a glowing golden altar of the Shining One.
  9602 | D:9      | Noticed Grum
  9618 | D:9      | Killed Grum
  9618 | D:9      | Reached skill level 11 in Conjurations
  9886 | D:9      | Offered knowledge of Throw Icicle by Vehumet.
 10098 | D:9      | Noticed Eustachio
 10101 | D:9      | Noticed Eustachio
 10101 | D:9      | Eustachio changed into Eustachio the warg
 10107 | D:9      | Killed Eustachio the warg
 10208 | D:9      | Found a staircase to the Orcish Mines.
 10290 | D:10     | Entered Level 10 of the Dungeon
 10397 | D:10     | Learned a level 4 spell: Throw Icicle
 10547 | D:10     | Reached skill level 1 in Ice Magic
 10724 | D:10     | Reached skill level 5 in Air Magic
 10766 | D:10     | Noticed a hill giant
 10772 | D:10     | Killed a hill giant
 10861 | D:10     | Reached XP level 11. HP: 56/75 MP: 19/22
 10870 | D:10     | Acquired Vehumet's third power
 11032 | D:10     | Offered knowledge of Lightning Bolt by Vehumet.
 11365 | D:11     | Noticed Sonja
 11370 | D:11     | Killed Sonja
 11370 | D:11     | Reached skill level 5 in Spellcasting
 11455 | D:11     | Noticed Fannar
 11464 | D:11     | Learned a level 5 spell: Lightning Bolt
 11498 | D:11     | Killed Fannar
 12021 | D:11     | Found a staircase to the Lair.
 12756 | D:11     | Offered knowledge of Bolt of Cold by Vehumet.
 13089 | Lair:1   | Entered Level 1 of the Lair of Beasts
 13216 | Lair:1   | Noticed an eight-headed hydra
 13223 | Lair:1   | Killed an eight-headed hydra
 13524 | Lair:1   | Identified a scroll of acquirement
 14032 | Lair:1   | Noticed a seven-headed hydra
 14042 | Lair:1   | Killed a seven-headed hydra
 15218 | Lair:2   | Noticed Bastard's ghost (powerful HOBe)
 15268 | Lair:2   | Killed Bastard's ghost
 15888 | Lair:2   | Offered knowledge of Airstrike by Vehumet.
 15888 | Lair:2   | Reached skill level 10 in Spellcasting
 15888 | Lair:2   | Reached XP level 12. HP: 81/81 MP: 7/30
 15895 | Lair:2   | Learned a level 4 spell: Airstrike
 18053 | Lair:3   | Found a staircase to the Snake Pit.
 19194 | Lair:4   | Found a labyrinth entrance.
 19202 | Lab      | Entered a labyrinth
 19318 | Lab      | Found an exit through the horrors of the Abyss.
 19702 | Lab      | Noticed a minotaur
 19714 | Lab      | Killed a minotaur
 19733 | Lab      | Got a wizard robe
 20080 | Lair:4   | Reached skill level 10 in Air Magic
 21214 | Lair:5   | Offered knowledge of Bolt of Draining by Vehumet.
 21294 | Lair:5   | Found a staircase to the Swamp.
 21644 | Lair:5   | Noticed Maud
 21838 | Lair:5   | Killed Maud
 22160 | Lair:5   | Reached XP level 13. HP: 86/86 MP: 12/32
 23040 | Lair:6   | Offered knowledge of Force Lance by Vehumet.
 24262 | Lair:6   | Reached skill level 12 in Air Magic
 26610 | Lair:7   | Identified the +2 robe "Bragei" {Str+2 Dex+3} (You found it in a labyrinth)
 26905 | Lair:8   | Entered Level 8 of the Lair of Beasts
 26912 | Lair:8   | Offered knowledge of Poisonous Cloud by Vehumet.
 26926 | Lair:8   | Learned a level 6 spell: Poisonous Cloud
 27055 | Lair:8   | Found a staircase to the Slime Pits.
 27204 | Lair:8   | Reached skill level 13 in Air Magic
 27204 | Lair:8   | Reached skill level 1 in Poison Magic
 28185 | Lair:8   | Found a white marble altar of Elyvilon.
 28516 | Lair:8   | Reached XP level 14. HP: 93/93 MP: 22/33
 29446 | Lair:8   | Noticed Mygna's ghost (powerful TrMo)
 30258 | Lair:7   | HP: 4/93 [five-headed hydra (4)]
 30589 | Lair:7   | Reached skill level 5 in Poison Magic
 31411 | D:12     | Reached skill level 14 in Air Magic
 31972 | D:12     | Noticed Nergalle
 31977 | D:12     | Killed Nergalle
 31977 | D:12     | Reached skill level 5 in Ice Magic
 33047 | D:13     | Identified the Papyrus of Spatial Transformation
 33370 | D:13     | Found Xeduytucw's Assorted Antiques.
 33378 | D:13     | Bought a crooked silver wand for 580 gold pieces
 33512 | D:13     | Offered knowledge of Orb of Destruction by Vehumet.
 33613 | D:13     | Noticed Maurice
 33621 | D:13     | Killed Maurice
 33961 | D:14     | Noticed Harold
 33962 | D:14     | Noticed Nessos
 34000 | D:14     | Found Diowauxe's Food Shoppe.
 34045 | D:14     | Killed Harold
 34051 | D:14     | Killed Nessos
 34367 | Orc:1    | Entered Level 1 of the Orcish Mines
 34978 | Orc:4    | Entered Level 4 of the Orcish Mines
 35043 | Orc:4    | Found Suny's Antique Armour Shoppe.
 35051 | Orc:4    | Reached skill level 5 in Dodging
 35228 | Orc:4    | Found Plewn's Jewellery Boutique.
 35237 | Orc:4    | Offered knowledge of Freezing Cloud by Vehumet.
 35428 | Orc:4    | Found a shimmering altar of Xom.
 35438 | Orc:4    | Learned a level 6 spell: Freezing Cloud
 35572 | Orc:4    | Noticed an orc warlord
 35573 | Orc:4    | Reached skill level 1 in Short Blades
 35583 | Orc:4    | Reached skill level 15 in Air Magic
 35584 | Orc:4    | Found Zaloqeem's General Store.
 35682 | Orc:4    | Reached XP level 15. HP: 14/98 MP: 4/34
 35891 | Orc:4    | Bought a scroll of brand weapon for 260 gold pieces
 35929 | Orc:4    | Found Pnaw's Antique Weapon Shop.
 36031 | Orc:4    | Killed an orc warlord
 36192 | Orc:4    | Found a staircase to the Elven Halls.
 36290 | Orc:4    | HP: 2/98 [orc warlord/orcish great sword (9)]
 36316 | Orc:4    | Demolished by an orc warlord

Action                   |  1- 3 |  4- 6 |  7- 9 | 10-12 | 13-15 || total
-------------------------+-------+-------+-------+-------+-------++-------
Melee: Dagger            |   105 |    23 |       |       |       ||   128
       Unarmed           |     3 |       |       |       |       ||     3
       Scythe            |       |    50 |       |       |       ||    50
       Short sword       |       |    57 |   145 |   473 |   688 ||  1363
       Cutlass           |       |       |       |       |   110 ||   110
 Cast: Magic Dart        |     5 |       |     2 |    14 |       ||    21
       Searing Ray       |     7 |    28 |    68 |    65 |    10 ||   178
       Iskenderun's Myst |       |       |     6 |    59 |    30 ||    95
       Throw Icicle      |       |       |       |   210 |   243 ||   453
       Mephitic Cloud    |       |       |       |    31 |    20 ||    51
       Airstrike         |       |       |       |    31 |   175 ||   206
       Lightning Bolt    |       |       |       |     6 |    27 ||    33
       Poisonous Cloud   |       |       |       |       |    97 ||    97
       Freezing Cloud    |       |       |       |       |    15 ||    15
 Abil: End Transformatio |       |       |       |       |     1 ||     1
       Bat Form          |       |       |       |       |     1 ||     1
       Bottle Blood      |       |       |       |       |     1 ||     1
Evoke: Wand              |       |       |       |     9 |     5 ||    14
  Use: Potion            |     3 |    10 |     7 |    12 |    21 ||    53
       Scroll            |     3 |     2 |     8 |    22 |    29 ||    64
 Stab: Sleeping          |     5 |     6 |     4 |    10 |     5 ||    30
       Confused          |       |       |       |    20 |    10 ||    30
       Distracted        |       |       |       |     1 |       ||     1
       Invisible         |       |       |       |       |     1 ||     1
